 Dungeon Crawl Stone Soup version 0.31.0 (webtiles) character file.

Game seed: 15056652137169755460

22 qw the Shooter (level 2, -2/17 HPs)
             Began as a Gargoyle Hunter on Jan 20, 2024.
             Slain by a cerulean imp
             ... wielding a +0 spear
             ... summoned by Natasha
              (4 damage)
             ... on level 2 of the Dungeon.
             The game lasted 00:00:03 (972 turns).

qw the Shooter (Gargoyle Hunter)                     Turns: 972, Time: 00:00:03

Health: -2/17      AC:  7    Str: 14    XL:     2   Next: 91%
Magic:  2/2        EV: 11    Int:  9    God:
Gold:   56         SH:  0    Dex: 13    Spells: 1/1 levels left

rFire   . . .        a - +0 shortbow
rCold   . . .        (shield currently unavailable)
rNeg    + . .        c - +0 leather armour
rPois   inf          f - +1 helmet
rElec   +            (no cloak)
rCorr   .            (no gloves)
SInv    .            (no boots)
Will    .....        (no amulet)
Stlth   +            (no ring)
HPRegen 0.22/turn    (no ring)
MPRegen 0.08/turn

%: no passive effects
@: about to teleport, slowed, very slow
A: sickness immunity, AC +2, negative energy resistance 1, electricity
resistance, torment resistance 1, petrification resistance
a: no special abilities


You were on level 2 of the Dungeon.
You visited 1 branch of the dungeon, and saw 2 of its levels.

You collected 56 gold pieces.


Innate Abilities, Weirdness & Mutations

You are immune to sickness and miasma.
Your stone body is resilient. (AC +2)
You are immune to poison.
You resist negative energy. (rN+)
You are resistant to electric shocks. (rElec)
You are resistant to unholy torment.
You are immune to petrification.


   Skills:
 - Level 2.1 Fighting
 + Level 4.8 Ranged Weapons
 - Level 1.5 Dodging
 - Level 1.1 Stealth


You had one spell level left.
You didn't know any spells.
Your spell library was empty.

Inventory:

Hand Weapons
 a - a +0 shortbow (weapon)
Armour
 c - a +0 leather armour (worn)
 f - a +1 helmet (worn)
Potions
 d - a potion of ambrosia {unknown}
 e - a potion of haste {unknown}
 h - 3 potions of curing {unknown}
 i - a potion of heal wounds {unknown}

Dungeon Overview and Level Annotations

Branches:
Dungeon (2/15)

Altars:

Annotations:
D:2 Natasha


Message History

Natasha is moderately wounded.
Natasha casts a spell at you. The magic dart hits you.
You shoot an arrow. The arrow closely misses Natasha.
You shoot an arrow. The arrow hits Natasha.
Natasha is heavily wounded.
You shoot an arrow. The arrow barely misses Natasha.
Natasha stares at you and mumbles some strange words.
The magic dart hits you but does no damage.
You shoot an arrow. The arrow hits Natasha.
Natasha is severely wounded.
Natasha casts a spell at you.
You feel yourself slow down.
You shoot an arrow. The arrow hits Natasha.
Natasha is almost dead.
Natasha casts a spell.
Natasha casts a spell at you. You resist with significant effort.
You shoot an arrow. The arrow closely misses Natasha.
Natasha mumbles some strange words.
The cerulean imp closely misses you. Natasha misses you.
Enter note: You shoot an arrow.
The arrow closely misses Natasha.
The cerulean imp hits you from afar with a +1 spear.
Natasha barely misses you.
The cerulean imp hits you but does no damage.
The cerulean imp hits you from afar with a +1 spear.
You shoot an arrow. The arrow closely misses Natasha.
Natasha stares at you and mumbles some strange words.
You resist with significant effort. The cerulean imp barely misses you.
The cerulean imp hits you from afar with a +1 spear.
Natasha claws you!
The cerulean imp hits you from afar with a +0 spear.
The cerulean imp barely misses you.
972 ||| READING scroll of teleportation.
As you read the scroll of teleportation, it crumbles to dust.
You feel strangely unstable.
Natasha stares at you and mumbles some strange words.
You feel as though you will be slow longer.
The cerulean imp hits you from afar with a +0 spear.
You die...

###...##..........#
#.#..#..........#
####.##...........##
####.................##
.....##.####..........#
......%>####.<........#
#######.........>.....#
.## ###.##......5...#
..# .......@.....#
#.### ##.#...h....##
#...# .##...5..## ###.#
####)#### #.# #.. #.#
... #.# ### #.# #.###


You could see Natasha and 2 cerulean imps.

Vanquished Creatures
  2 dart slugs
  2 bats (D:1)
  An endoplasm (D:1)
  4 hobgoblins
  A kobold (D:1)
  4 ball pythons
  A frilled lizard (D:1)
  3 rats
18 creatures vanquished.

Notes
Turn   | Place    | Note
-------+----------+-------------------------------------------
     0 | D:1      | qw the Gargoyle Hunter began the quest for the Orb.
     0 | D:1      | Reached XP level 1. HP: 12/12 MP: 1/1
     0 | D:1      | 0 ||| qw: Version: 0.3-a-132-g3d54051
     0 | D:1      | 0 ||| qw: Game counter: 541
     0 | D:1      | 0 ||| qw: Melee chars always use a shield: true
     0 | D:1      | 0 ||| qw: God list: Okawaru
     0 | D:1      | 0 ||| qw: Allow faded altars: false
     0 | D:1      | 0 ||| qw: Do Orc after clearing Dungeon:15 true
     0 | D:1      | 0 ||| qw: Do second Lair branch before Depths: true
     0 | D:1      | 0 ||| qw: Lair rune preference: random
     0 | D:1      | 0 ||| qw: Goals: Normal
     0 | D:1      | 0 ||| PLANNING D:1-11
   297 | D:1      | Reached XP level 2. HP: 17/17 MP: 2/2
   789 | D:1      | 789 ||| UPGRADING to +0 helmet.
   794 | D:1      | 794 ||| READING scroll labelled YKAXEA HITHRO.
   794 | D:1      | 794 ||| ENCHANTING +0 helmet.
   795 | D:1      | 795 ||| READING scroll labelled LYNLYL EQUDIMA.
   800 | D:1      | 800 ||| READING scroll labelled SUCHIH WUEZO.
   801 | D:1      | 801 ||| DROPPING scroll of butterflies.
   878 | D:2      | 878 ||| FLEEEEING.
   962 | D:2      | Noticed Natasha
   971 | D:2      | HP: 4/17 [Natasha (8)]
   972 | D:2      | 972 ||| READING scroll of teleportation.
   972 | D:2      | Slain by a cerulean imp

Levels and vault maps discovered:
D:1:      minmay_arrival_arboretum_small, layout_loops_corners
D:2:      minmay_roachtagon, layout_rooms, uniq_natasha

Action                     || total
---------------------------++-------
   Fire: Shortbow          ||    65
    Use: Scroll            ||     4
 Armour: Leather armour    ||    25
  Dodge: Dodged            ||    13

Table legend:
 A = Non-vault XP
 B = Vault XP
 C = Vault XP percentage of total XP
 D = Non-vault monster count
 E = Vault monster count
 F = Vault count percentage of total count
                 A         B        C        D         E       F
            +---------+---------+-------+---------+---------+-------
      Total |      32 |       0 |   0.0 |      18 |       0 |   0.0
            +---------+---------+-------+---------+---------+-------
        D:1 |      19 |       0 |   0.0 |      11 |       0 |   0.0
        D:2 |      13 |       0 |   0.0 |       7 |       0 |   0.0
            +---------+---------+-------+---------+---------+-------
